 Dungeon Crawl Stone Soup version 0.26-a0-597-gb535b0901c (webtiles) character file.

Game seed: 12581654499085080531

113 Alarkh the Ruffian (level 4, 0/33 HPs)
             Began as a Demonspawn Gladiator on Sept 11, 2020.
             Was an Initiate of Okawaru.
             Slain by a scorpion (8 damage)
             ... on level 4 of the Dungeon.
             The game lasted 00:03:35 (2492 turns).

Alarkh the Ruffian (Demonspawn Gladiator)           Turns: 2492, Time: 00:03:36

Health: 0/33       AC:  6    Str: 15    XL:     4   Next: 65%
Magic:  4/4        EV: 13    Int: 10    God:    Okawaru [......]
Gold:   124        SH:  0    Dex: 18    Spells: 3/3 levels left

rFire    . . .     SeeInvis .     - Unarmed
rCold    . . .     Faith    .   (no shield)
rNeg     + . .     Spirit   .   l - +0 leather armour (curse)
rPois    .         Reflect  .   b - +0 helmet
rElec    .         Harm     .   i - +0 cloak
rCorr    .                      (no gloves)
MR       +....                  q - +0 pair of boots
Stlth    +++.......             (no amulet)
HPRegen  0.11/turn              e - ring of protection from magic
MPRegen  0.09/turn              g - ring of positive energy

@: berserk cooldown, slowed, very slow
A: thin skeletal structure 2, powered by death 1
a: Renounce Religion


You were on level 4 of the Dungeon.
You worshipped Okawaru.
Okawaru was noncommittal.
You visited 1 branch of the dungeon, and saw 4 of its levels.

You collected 124 gold pieces.

Inventory:

Missiles
 c - 3 throwing nets (quivered)
Armour
 a - a +0 leather armour
 b - a +0 helmet (worn)
 i - a +0 cloak (worn)
 l - a cursed +0 leather armour (worn)
 q - a +0 pair of boots (worn)
Jewellery
 e - a ring of protection from magic (left hand)
 g - a ring of positive energy (right hand)
Wands
 j - a wand of flame (17)
 s - a wand of acid (10)
Scrolls
 d - a scroll of fog {unknown}
 f - a scroll of immolation {unknown}
 h - a scroll of random uselessness {unknown}
 k - a scroll of magic mapping {unknown}
 n - 3 scrolls of identify {unknown}
 o - 2 scrolls of teleportation {unknown}
 p - a scroll of amnesia {unknown}
Potions
 t - a potion of mutation {unknown}


   Skills:
 - Level 2.0 Fighting
 - Level 1.7 Throwing
 - Level 2.6 Dodging
 + Level 5.0 Unarmed Combat


You had 3 spell levels left.
You didn't know any spells.
Your spell library was empty.

Dungeon Overview and Level Annotations

Branches:
Dungeon (4/15)
 Temple: D:4-7

Altars:
Dithmenos
Okawaru

Annotations:
D:2 1 runed translucent door, Crazy Yiuf


Innate Abilities, Weirdness & Mutations

You have a moderately thin skeletal structure. (Dex +4, Stealth+)
You regenerate a little health from kills.


Message History

You hit the gnoll but do no damage.
The gnoll is moderately wounded.
The gnoll barely misses you. The scorpion misses you.
The gnoll hits you with a +0 club.
You barely miss the gnoll.
The gnoll is moderately wounded.
The gnoll hits you from afar with a +0 spear!
The scorpion stings you but does no damage.
The gnoll hits you but does no damage.
The gnoll hits you from afar with a +0 spear.
The scorpion closely misses you. The gnoll misses you.
The gnoll hits you with a +0 club.
* * * LOW HITPOINT WARNING * * *
The scorpion closely misses you. The scorpion stings you.
* * * LOW HITPOINT WARNING * * *
The scorpion barely misses you. The gnoll misses you.
The scorpion barely misses you.
The scorpion stings you but does no damage.
The scorpion stings you!
You die...

###............#
...............
#.............
###...........#.
#<#.....))......
#####.#>............
#........g........#.
#.###.###g.#####+##
#...@ss...?#
#.#.#......#
#..............
#..........####
#..##......# #..
+...(..+ ###
#......# #......#


You could see 2 scorpions and a gnoll.

Vanquished Creatures
  2 gnolls (D:4)
  An adder (D:3)
  2 worms
  A dart slug (D:1)
  2 leopard geckos
  2 orcs (D:3)
  9 bats
  2 giant cockroaches
  10 goblins
  12 hobgoblins
  2 jackals (D:3)
  A quokka (D:2)
  9 frilled lizards
  12 kobolds
  8 rats
75 creatures vanquished.

Notes
Turn   | Place    | Note
-------+----------+-------------------------------------------
     0 | D:1      | Alarkh the Demonspawn Gladiator began the quest for the
                  | Orb.
     0 | D:1      | Reached XP level 1. HP: 16/16 MP: 1/1
    91 | D:1      | Reached skill level 3 in Unarmed Combat
   107 | D:1      | Gained mutation: You regenerate a little health from kills.
                  | [demonic ancestry]
   107 | D:1      | Reached XP level 2. HP: 8/22 MP: 2/2
   559 | D:1      | Gained mutation: You have a somewhat thin skeletal
                  | structure. (Dex +2, Stealth) [demonic ancestry]
   559 | D:1      | Reached XP level 3. HP: 27/27 MP: 3/3
   758 | D:2      | Reached skill level 4 in Unarmed Combat
   881 | D:2      | Found an iron altar of Okawaru.
   972 | D:2      | Found a runed translucent door.
   973 | D:2      | Noticed Crazy Yiuf
  1062 | D:2      | Became a worshipper of Warmaster Okawaru
  1706 | D:3      | Gained mutation: You have a moderately thin skeletal
                  | structure. (Dex +4, Stealth+) [demonic ancestry]
  1706 | D:3      | Reached XP level 4. HP: 32/33 MP: 4/4
  2009 | D:3      | Found a shadowy altar of Dithmenos.
  2482 | D:4      | Reached skill level 5 in Unarmed Combat
  2492 | D:4      | Slain by a scorpion

Illustrated notes

Levels and vault maps discovered:
D:1:      scummos_arrival_simple_crosswalls, layout_rooms
D:2:      layout_basic, lemuel_crystal_altar, uniq_crazy_yiuf_cottage
D:3:      layout_loops_ring, grunt_dithmenos_smoke_and_mirrors,
          grunt_ministairs_6, minmay_puff
D:4:      layout_basic, grunt_qazlal_clouds, nemelex_xobeh_ov_fountains_minmay,
          temple_green, serial_shops, shop, enter_ossuary_1

Skill      XL: |  1  2  3  4 |
---------------+-------------+-----
Unarmed Combat | 3 4 5 |  5.0
Fighting       | |  2.0
Throwing       | |  1.7
Dodging        | |  2.6

Action                   |  1- 3 |  4- 6 || total
-------------------------+-------+-------++-------
Melee: Unarmed           |   158 |    67 ||   225
       Punch             |     4 |       ||     4
Throw: Throwing net      |     1 |       ||     1
  Use: Potion            |     2 |     2 ||     4
 Stab: Sleeping          |     7 |     7 ||    14
       Held in net/web   |     1 |       ||     1
       Distracted        |     1 |       ||     1
Armor: Leather armour    |    40 |    15 ||    55
Dodge: Dodged            |   116 |    37 ||   153

Table legend: (Time is in decaauts)
 A = Elapsed time spent in this place.
 B = Non-inter-level travel time spent in this place.
 C = Inter-level travel time spent in this place.
 D = Time resting spent in this place.
 E = Time spent auto-exploring this place.
 F = Levels seen in this place.
 G = Mean time per level.
                   A        B        C        D        E       F      G
               +--------+--------+--------+--------+--------+-----+--------+
         Total |   2475 |   2334 |    141 |    118 |   1693 |   4 |  618.8 |
       Dungeon |   2475 |   2334 |    141 |    118 |   1693 |   4 |  618.8 |
               +--------+--------+--------+--------+--------+-----+--------+

Top non-repeatable levels by time:
     D:3: 988 daAuts
     D:2: 767 daAuts
     D:1: 694 daAuts
     D:4: 25 daAuts
